TOP OF THE 1ST |
Beaumont Roughnecks batting - Pitching for Wichita Wranglers : RHP Mike Spencer
|
Pitching: RHP Mike Spencer
|
|
Batting: RHB António Aguilar
|
0-0: Ground out 4-3 (Groundball, 4)
|
Batting: RHB Cole Boehmer
|
0-0: Called Strike 0-1: Ball 1-1: Ball 2-1: Ball 3-1: Ground out U3 (Groundball, 34S)
|
Batting: LHB John Fitzgerald
|
0-0: Ball 1-0: Fly out, F9 (Flyball, 89M)
|
Top of the 1st over - 0 runs, 0 hits, 0 errors, 0 left on base; Beaumont 0 - Wichita 0 |
BOTTOM OF THE 1ST |
Wichita Wranglers batting - Pitching for Beaumont Roughnecks : RHP Enrique Ortíz
|
Pitching: RHP Enrique Ortíz
|
|
Batting: LHB Terry Neal
|
0-0: Ball 1-0: Called Strike 1-1: Ball 2-1: Foul Ball, location: 2F 2-2: Strikes out swinging
|
Batting: LHB José Guerrero
|
0-0: Ball 1-0: Ball 2-0: Swinging Strike 2-1: Foul Ball, location: 2F 2-2: Ball 3-2: SINGLE (Line Drive, 9S)
|
Batting: RHB Stan Taylor
|
0-0: Ball 1-0: Foul Ball, location: 2F 1-1: Called Strike 1-2: Strikes out swinging José Guerrero steals 2nd base Batter strikes out.
|
Batting: LHB Chris Gibson
|
0-0: SINGLE (Flyball, 78M) José Guerrero to third Runner from 3rd tries for Home, SAFE, throw made home
|
Batting: RHB Taylor Justice
|
0-0: Ball 1-0: Ball 2-0: Ball 3-0: Called Strike 3-1: Foul Ball, location: 2F 3-2: Foul Ball, location: 2F 3-2: Base on Balls Chris Gibson to second
|
Batting: RHB Hubert MacDonald
|
0-0: Called Strike 0-1: Ball 1-1: Called Strike 1-2: Ball 2-2: Strikes out swinging
|
Bottom of the 1st over - 1 run, 2 hits, 0 errors, 2 left on base; Beaumont 0 - Wichita 1 |
TOP OF THE 2ND |
Beaumont Roughnecks batting - Pitching for Wichita Wranglers : RHP Mike Spencer
|
Batting: SHB Miguel González
|
0-0: Ball 1-0: Ball 2-0: Foul Ball, location: 2F 2-1: Foul Ball, location: 2F 2-2: SINGLE (Groundball, 4D)
|
Batting: RHB Jim MacAchounich
|
0-0: Foul Ball, location: 2F 0-1: Ground out U3 (Groundball, 34S) Miguel González to second
|
Batting: LHB Roberto Félix
|
0-0: DOUBLE (Line Drive, 89D) Miguel González scores
|
Batting: RHB António Rodríguez
|
0-0: Ball 1-0: Ground out 4-3 (Groundball, 4) Roberto Félix to third
|
Batting: SHB Jeffery Ivey
|
0-0: Called Strike 0-1: Ball 1-1: Ball 2-1: Foul Ball, location: 2F 2-2: Ball 3-2: Foul Ball, location: 2F 3-2: Fly out, F8 (Flyball, 8LM)
|
Top of the 2nd over - 1 run, 2 hits, 0 errors, 1 left on base; Beaumont 1 - Wichita 1 |
BOTTOM OF THE 2ND |
Wichita Wranglers batting - Pitching for Beaumont Roughnecks : RHP Enrique Ortíz
|
Batting: LHB Travis Jefferson
|
0-0: Ball 1-0: Ball 2-0: SINGLE (Groundball, 4D)
|
Batting: RHB Ricardo Velásquez
|
0-0: Foul Ball, location: 2F 0-1: Ball 1-1: Ball 2-1: Fly out, F8 (Line Drive, 8RD)
|
Batting: RHB Bob Corrigan
|
0-0: Ball 1-0: Ball 2-0: Grounds into double play, 1-6-3 (Groundball, 13S)
|
Bottom of the 2nd over - 0 runs, 1 hit, 0 errors, 0 left on base; Beaumont 1 - Wichita 1 |
TOP OF THE 3RD |
Beaumont Roughnecks batting - Pitching for Wichita Wranglers : RHP Mike Spencer
|
Batting: SHB Jim Flynn
|
0-0: Ball 1-0: Foul Ball, location: 2F 1-1: Swinging Strike 1-2: Foul Ball, location: 2F 1-2: Strikes out looking
|
Batting: RHB António Aguilar
|
0-0: Ball 1-0: Swinging Strike 1-1: Foul Ball, location: 2F 1-2: Ball 2-2: Fly out, F8 (Flyball, 8LD)
|
Batting: RHB Cole Boehmer
|
0-0: Ball 1-0: Ball 2-0: SINGLE (Line Drive, 8RS)
|
Batting: LHB John Fitzgerald
|
0-0: SINGLE (Line Drive, 6D) Cole Boehmer to second
|
Batting: SHB Miguel González
|
0-0: Called Strike 0-1: Called Strike 0-2: Strikes out swinging
|
Top of the 3rd over - 0 runs, 2 hits, 0 errors, 2 left on base; Beaumont 1 - Wichita 1 |
BOTTOM OF THE 3RD |
Wichita Wranglers batting - Pitching for Beaumont Roughnecks : RHP Enrique Ortíz
|
Batting: LHB Terry Neal
|
0-0: Swinging Strike 0-1: Ball 1-1: SINGLE (Line Drive, 7S)
|
Batting: LHB José Guerrero
|
0-0: Ball 1-0: Fly out, F8 (Flyball, 8RD)
|
Batting: RHB Stan Taylor
|
0-0: Ball 1-0: Ball 2-0: Ball 3-0: Called Strike 3-1: Foul Ball, location: 2F 3-2: Foul Ball, location: 2F 3-2: SINGLE (Groundball, 56D) Terry Neal to second Terry Neal to third
|
Batting: LHB Chris Gibson
|
0-0: DOUBLE (Line Drive, 9LM) Terry Neal scores Stan Taylor to third Runner from 3rd tries for Home, SAFE, no throw
|
Batting: RHB Taylor Justice
|
0-0: Ball 1-0: Foul Ball, location: 2F 1-1: Ball 2-1: Called Strike 2-2: SINGLE (Line Drive, 56D) Chris Gibson to third
|
Batting: RHB Hubert MacDonald
|
0-0: Ball 1-0: Fly out, F7 (Line Drive, 7) Runner from 3rd tags up, SCORES, throw made
|
Batting: LHB Travis Jefferson
|
0-0: Fly out, F8 (Flyball, 89S)
|
Bottom of the 3rd over - 3 runs, 4 hits, 0 errors, 1 left on base; Beaumont 1 - Wichita 4 |
TOP OF THE 4TH |
Beaumont Roughnecks batting - Pitching for Wichita Wranglers : RHP Mike Spencer
|
Batting: RHB Jim MacAchounich
|
0-0: Called Strike 0-1: Ball 1-1: Swinging Strike 1-2: Foul Ball, location: 2F 1-2: Ball 2-2: Ball 3-2: Base on Balls
|
Batting: LHB Roberto Félix
|
0-0: Grounds into double play, 4-6-3 (Groundball, 4)
|
Batting: RHB António Rodríguez
|
0-0: Ball 1-0: Ball 2-0: SINGLE (Popup, 4MD)
|
Batting: SHB Jeffery Ivey
|
0-0: Called Strike 0-1: Foul Ball, location: 2F 0-2: Ball 1-2: Foul Ball, location: 2F 1-2: Strikes out swinging
|
Top of the 4th over - 0 runs, 1 hit, 0 errors, 1 left on base; Beaumont 1 - Wichita 4 |
BOTTOM OF THE 4TH |
Wichita Wranglers batting - Pitching for Beaumont Roughnecks : RHP Enrique Ortíz
|
Batting: RHB Ricardo Velásquez
|
0-0: Foul Ball, location: 2F 0-1: Foul Ball, location: 2F 0-2: Strikes out swinging, 2-3 out at first.
|
Batting: RHB Bob Corrigan
|
0-0: Called Strike 0-1: Ball 1-1: Ball 2-1: Ball 3-1: SINGLE (Groundball, 56D)
|
Batting: LHB Terry Neal
|
0-0: Ball 1-0: Grounds into double play, 4-6-3 (Groundball, 4)
|
Bottom of the 4th over - 0 runs, 1 hit, 0 errors, 0 left on base; Beaumont 1 - Wichita 4 |
TOP OF THE 5TH |
Beaumont Roughnecks batting - Pitching for Wichita Wranglers : RHP Mike Spencer
|
Batting: SHB Jim Flynn
|
0-0: Ball 1-0: Called Strike 1-1: Ball 2-1: Ball 3-1: Base on Balls
|
Batting: RHB António Aguilar
|
0-0: Called Strike 0-1: Ball 1-1: Foul Ball, location: 2F 1-2: Foul Ball, location: 2F 1-2: Strikes out looking
|
Batting: RHB Cole Boehmer
|
0-0: Called Strike 0-1: Ball 1-1: Called Strike 1-2: SINGLE (Flyball, 89S) Jim Flynn to second
|
Batting: LHB John Fitzgerald
|
0-0: Called Strike 0-1: Ball 1-1: Called Strike 1-2: Foul Ball, location: 2F 1-2: Fielders Choice at 2nd, 6-4 (Groundball, 6) Jim Flynn to third
|
Batting: SHB Miguel González
|
0-0: Ball 1-0: Ball 2-0: Swinging Strike 2-1: Called Strike 2-2: SINGLE (Line Drive, 6MD) Jim Flynn scores John Fitzgerald to second
|
Batting: RHB Jim MacAchounich
|
0-0: Ball 1-0: Foul Ball, location: 2F 1-1: Called Strike 1-2: Fielders Choice at 2nd, 6-4 (Groundball, 6)
|
Top of the 5th over - 1 run, 2 hits, 0 errors, 2 left on base; Beaumont 2 - Wichita 4 |
BOTTOM OF THE 5TH |
Wichita Wranglers batting - Pitching for Beaumont Roughnecks : RHP Enrique Ortíz
|
Batting: LHB José Guerrero
|
0-0: Called Strike 0-1: Foul Ball, location: 2F 0-2: Foul Ball, location: 2F 0-2: Ball 1-2: Ball 2-2: Ball 3-2: Ground out 5-3 (Groundball, 56S)
|
Batting: RHB Stan Taylor
|
0-0: Called Strike 0-1: Ball 1-1: Foul Ball, location: 2F 1-2: Strikes out swinging
|
Batting: LHB Chris Gibson
|
0-0: Called Strike 0-1: Called Strike 0-2: Ball 1-2: Strikes out looking
|
Bottom of the 5th over - 0 runs, 0 hits, 0 errors, 0 left on base; Beaumont 2 - Wichita 4 |
TOP OF THE 6TH |
Beaumont Roughnecks batting - Pitching for Wichita Wranglers : RHP Mike Spencer
|
Batting: LHB Roberto Félix
|
0-0: Ground out 1-3 (Groundball, 13)
|
Batting: RHB António Rodríguez
|
0-0: Called Strike 0-1: Ball 1-1: Ball 2-1: Called Strike 2-2: Ball 3-2: Base on Balls
|
Batting: SHB Jeffery Ivey
|
0-0: Called Strike 0-1: Ball 1-1: Ball 2-1: Foul Ball, location: 2F 2-2: Strikes out swinging
|
Batting: SHB Jim Flynn
|
0-0: Ball 1-0: Called Strike 1-1: Ball 2-1: Ball 3-1: Base on Balls António Rodríguez to second
|
Pitching: RHP Héctor Bernard
|
|
Batting: RHB António Aguilar
|
0-0: Ball 1-0: Swinging Strike 1-1: Fielders Choice at 2nd, 6-4 (Groundball, 6)
|
Top of the 6th over - 0 runs, 0 hits, 0 errors, 2 left on base; Beaumont 2 - Wichita 4 |
BOTTOM OF THE 6TH |
Wichita Wranglers batting - Pitching for Beaumont Roughnecks : RHP Enrique Ortíz
|
Pitching: RHP James Edwards
|
|
Batting: RHB Taylor Justice
|
0-0: Called Strike 0-1: Ball 1-1: Fly out, F3 (Popup, 3F)
|
Batting: RHB Hubert MacDonald
|
0-0: Ball 1-0: Ball 2-0: Swinging Strike 2-1: Foul Ball, location: 2F 2-2: Strikes out swinging
|
Batting: LHB Travis Jefferson
|
0-0: Ball 1-0: Ball 2-0: Called Strike 2-1: Ball 3-1: Foul Ball, location: 2F 3-2: Ground out U3 (Groundball, 3)
|
Bottom of the 6th over - 0 runs, 0 hits, 0 errors, 0 left on base; Beaumont 2 - Wichita 4 |
TOP OF THE 7TH |
Beaumont Roughnecks batting - Pitching for Wichita Wranglers : RHP Héctor Bernard
|
Batting: RHB Cole Boehmer
|
0-0: Called Strike 0-1: Ball 1-1: Ball 2-1: Foul Ball, location: 2F 2-2: Ball 3-2: SOLO HOME RUN (Flyball, 7D), Distance : 373 ft
|
Batting: LHB John Fitzgerald
|
0-0: Ball 1-0: Swinging Strike 1-1: Ball 2-1: Swinging Strike 2-2: SINGLE (Groundball, 6MD)
|
Batting: SHB Miguel González
|
0-0: Ball 1-0: SINGLE (Groundball, 6MD) John Fitzgerald to second
|
Batting: RHB Jim MacAchounich
|
0-0: Foul Ball, location: 2F 0-1: Ball 1-1: Foul Ball, location: 2F 1-2: Foul Ball, location: 2F 1-2: Ball 2-2: Foul Ball, location: 2F 2-2: Ball 3-2: DOUBLE (Line Drive, 9LD) John Fitzgerald scores Miguel González to third
|
Batting: LHB Roberto Félix
|
0-0: Intentional Walk
|
Pitching: RHP Kirby Graham
|
|
Batting: RHB António Rodríguez
|
0-0: Called Strike 0-1: Foul Ball, location: 2F 0-2: SINGLE (Groundball, 5D) Miguel González scores Jim MacAchounich to third Roberto Félix to second
|
Batting: SHB Jeffery Ivey
|
0-0: Ball 1-0: Swinging Strike 1-1: Swinging Strike 1-2: Ball 2-2: Foul Ball, location: 2F 2-2: Strikes out looking
|
Batting: SHB Jim Flynn
|
0-0: Ball 1-0: Ball 2-0: SINGLE (Line Drive, 4MD) Jim MacAchounich scores Roberto Félix to third António Rodríguez to second Runner from 3rd tries for Home, SAFE, no throw
|
Batting: RHB António Aguilar
|
0-0: Ball 1-0: Called Strike 1-1: Ground out 3-1 (Groundball, 34S) António Rodríguez to third Jim Flynn to second
|
Batting: RHB Cole Boehmer
|
0-0: Ball 1-0: Ball 2-0: Called Strike 2-1: Ball 3-1: Base on Balls
|
Batting: LHB John Fitzgerald
|
0-0: Called Strike 0-1: Foul Ball, location: 2F 0-2: Ball 1-2: Ball 2-2: Strikes out swinging
|
Top of the 7th over - 5 runs, 6 hits, 0 errors, 3 left on base; Beaumont 7 - Wichita 4 |
BOTTOM OF THE 7TH |
Wichita Wranglers batting - Pitching for Beaumont Roughnecks : RHP James Edwards
|
Pitching: RHP Juan Villa
|
|
Batting: RHB Ricardo Velásquez
|
0-0: Ball 1-0: Foul Ball, location: 2F 1-1: Ball 2-1: DOUBLE (Groundball, 3L)
|
Batting: RHB Bob Corrigan
|
0-0: Ball 1-0: Called Strike 1-1: Ball 2-1: Ground out 1-3 (Groundball, 13S) Ricardo Velásquez to third
|
Batting: LHB Terry Neal
|
0-0: Ball 1-0: DOUBLE (Line Drive, 89D) Ricardo Velásquez scores
|
Batting: LHB José Guerrero
|
0-0: Called Strike 0-1: Ground out 6-3 (Groundball, 56)
|
Batting: RHB Stan Taylor
|
0-0: Called Strike 0-1: Fly out, F8 (Flyball, 8LS)
|
Bottom of the 7th over - 1 run, 2 hits, 0 errors, 1 left on base; Beaumont 7 - Wichita 5 |
TOP OF THE 8TH |
Beaumont Roughnecks batting - Pitching for Wichita Wranglers : RHP Kirby Graham
|
Batting: SHB Miguel González
|
0-0: Ball 1-0: Fly out, F7 (Flyball, 78S)
|
Batting: RHB Jim MacAchounich
|
0-0: Ball 1-0: Called Strike 1-1: Foul Ball, location: 2F 1-2: Foul Ball, location: 2F 1-2: Strikes out looking
|
Batting: LHB Roberto Félix
|
0-0: Ball 1-0: Ball 2-0: Foul Ball, location: 2F 2-1: Called Strike 2-2: Ball 3-2: Base on Balls
|
Batting: RHB António Rodríguez
|
0-0: Ball 1-0: Called Strike 1-1: Ball 2-1: Ball 3-1: Base on Balls Roberto Félix to second
|
Batting: SHB Jeffery Ivey
|
0-0: Ground out 4-3 (Groundball, 4)
|
Top of the 8th over - 0 runs, 0 hits, 0 errors, 2 left on base; Beaumont 7 - Wichita 5 |
BOTTOM OF THE 8TH |
Wichita Wranglers batting - Pitching for Beaumont Roughnecks : RHP Juan Villa
|
Batting: LHB Chris Gibson
|
0-0: Ball 1-0: Called Strike 1-1: Foul Ball, location: 2F 1-2: Ball 2-2: Fly out, F6 (Line Drive, 6)
|
Batting: RHB Taylor Justice
|
0-0: Ball 1-0: Called Strike 1-1: Foul Ball, location: 2F 1-2: Strikes out swinging
|
Batting: RHB Hubert MacDonald
|
0-0: Swinging Strike 0-1: Foul Ball, location: 2F 0-2: Foul Ball, location: 2F 0-2: Ball 1-2: Ball 2-2: Ball 3-2: Strikes out looking
|
Bottom of the 8th over - 0 runs, 0 hits, 0 errors, 0 left on base; Beaumont 7 - Wichita 5 |
TOP OF THE 9TH |
Beaumont Roughnecks batting - Pitching for Wichita Wranglers : RHP Kirby Graham
|
Batting: SHB Jim Flynn
|
0-0: Foul Ball, location: 2F 0-1: Foul Ball, location: 2F 0-2: Ground out 4-3 (Groundball, 4)
|
Batting: RHB António Aguilar
|
0-0: Swinging Strike 0-1: Foul Ball, location: 2F 0-2: Foul Ball, location: 2F 0-2: Ball 1-2: Ball 2-2: Fly out, F8 (Flyball, 8RM)
|
Batting: RHB Cole Boehmer
|
0-0: Swinging Strike 0-1: Ball 1-1: Ground out 6-3 (Groundball, 6M)
|
Top of the 9th over - 0 runs, 0 hits, 0 errors, 0 left on base; Beaumont 7 - Wichita 5 |
BOTTOM OF THE 9TH |
Wichita Wranglers batting - Pitching for Beaumont Roughnecks : RHP Juan Villa
|
Batting: LHB Travis Jefferson
|
0-0: Called Strike 0-1: Called Strike 0-2: Ball 1-2: Foul Ball, location: 2F 1-2: Ball 2-2: Strikes out swinging
|
Batting: RHB Ricardo Velásquez
|
0-0: Ball 1-0: Foul Ball, location: 2F 1-1: Ball 2-1: Foul Ball, location: 2F 2-2: Foul Ball, location: 2F 2-2: Foul Ball, location: 2F 2-2: Ball 3-2: DOUBLE (Groundball, 5L)
|
Batting: RHB Bob Corrigan
|
0-0: SINGLE (Line Drive, 7S) Ricardo Velásquez to third
|
Pitching: LHP Al Atkins
|
|
Pinch Hitting: LHB Dudley Cooper
|
0-0: Swinging Strike 0-1: Called Strike 0-2: Strikes out swinging
|
Batting: LHB José Guerrero
|
0-0: Ball 1-0: Single, Error in OF, E7, batter to second base Ricardo Velásquez scores Bob Corrigan to third
|
Batting: RHB Stan Taylor
|
0-0: Called Strike 0-1: Called Strike 0-2: Strikes out looking
|
Bottom of the 9th over - 1 run, 3 hits, 1 error, 2 left on base; Beaumont 7 - Wichita 6 |
|